AoeStats
← Vakkil_Vandumurugan

Arena

510345030Analyzed
2v2 RM · 2d ago on Sep 30, 2026· 33m 42s· 4 players
Game mode
Random Map
Map size
Medium (4 player)
Population
200
Speed
Normal
Resources
Standard
Victory
Conquest
Starting age
Dark Age
Ending age
Imperial Age
RankedLock teamsTeams togetherTeam positionsShared explorationLock speedFull tech treeHidden civsTurbo modeCheats
Victory
Defeat
🇩🇪 Danes · Germany
959
+16
🇮🇳 Varangians · India
889
+19
🇵🇱 Mongols · Poland
957
-18
🇮🇳 Hindustanis · India
956
-17
Vakkil_Vandumurugan
9:37 Feudal Age
9:12 Loom
13:45 Castle Age
11:58 Horse Collar
12:57 Double-Bit Axe
29:05 Wheelbarrow
29:04 Town Watch
31:10 Hand Cart
31:52 Scale Mail Armor
32:02 Forging
34:09 Squires
Joe_N0T_Exotic
11:13 Feudal Age
14:53 Castle Age
13:40 Double-Bit Axe
13:51 Horse Collar
15:58 Bow Saw
15:50 Heavy Plow
24:59 Wheelbarrow
30:52 Imperial Age
28:38 Hand Cart
28:08 Loom
28:09 Town Watch
30:03 Scale Barding Armor
30:09 Forging
29:22 Vendel Legacy
31:26 Bloodlines
31:16 Husbandry
31:40 Chain Barding Armor
30:59 Cavalier
32:42 Iron Casting
33:24 Plate Barding Armor
35:11 Blast Furnace
MarioLog
2:20 Loom
10:06 Feudal Age
10:36 Double-Bit Axe
20:03 Castle Age
18:47 Horse Collar
25:59 Bow Saw
leszard
10:33 Feudal Age
15:58 Castle Age
13:47 Double-Bit Axe
15:45 Horse Collar
17:02 Bow Saw
16:54 Heavy Plow
26:26 Wheelbarrow
31:28 Imperial Age
29:31 Padded Archer Armor
29:35 Gold Mining
30:33 Thumb Ring
30:48 Leather Archer Armor
30:24 Fletching
31:30 Hand Cart
32:32 Ballistics
32:13 Bodkin Arrow
32:45 Parthian Tactics
Connection lost

Rejoining the realm…

Still unreachable

The connection could not be restored.

Session expired

The server has moved on; the page needs a fresh start.